 Dungeon Crawl Stone Soup version 0.20.1-1-g8b1a95d (webtiles) character file.

21896 Rjadawoj the Bludgeoner (level 12, -14/115 HPs)
             Began as a Minotaur Berserker on Oct 12, 2017.
             Was a High Priest of Trog.
             Splashed by an acid dragon's acid (16 damage)
             ... on level 10 of the Dungeon on Oct 13, 2017.
             The game lasted 02:09:28 (10826 turns).

Rjadawoj the Bludgeoner (Minotaur Berserker)       Turns: 10826, Time: 02:09:29

Health: -14/115    AC: 18    Str: 24    XL:     12   Next: 58%
Magic:  14/14      EV:  8    Int:  4    God:    Trog [*****.]
Gold:   695        SH:  0    Dex: 15    Spells: 15/15 levels left

rFire    . . .     SeeInvis .   H - +8 flail (crush)
rCold    . . .     Gourm    .   (no shield)
rNeg     . . .     Faith    .   e - +2 plate armour
rPois    .         Spirit   .   (helmet restricted)
rElec    .         Reflect  .   (no cloak)
rCorr    .         Harm     .   O - +0 pair of gloves
MR       ++...                  o - +0 pair of boots
Stlth    ..........             K - amulet of rage
Regen    0.3/turn               t - ring of protection from magic
MPRegen  0.2/turn               v - +2 ring of strength

@: about to teleport, corroded
A: retaliatory headbutt, horns 2, iridescent scales 1, magic resistance 1
a: Berserk, Trog's Hand, Brothers in Arms, Burn Spellbooks, Renounce Religion,
Evoke Berserk Rage


You were on level 10 of the Dungeon.
You worshipped Trog.
Trog was extremely pleased with you.
You were not hungry.

You visited 1 branch of the dungeon, and saw 12 of its levels.
You also visited: Ossuary.

You collected 695 gold pieces.

Inventory:

Hand Weapons
 f - the +3 flail of the Tundras {antimagic, rN+ MR+ Int+3 SInv}
   (You found it on level 6 of the Dungeon)

   It reduces the magical energy of the wielder, and disrupts the spells and
   magical abilities of those hit.
   Natural abilities and divine invocations are not affected.
   It affects your intelligence (+3).
   It protects you from negative energy.
   It affects your resistance to hostile enchantments.
   It lets you see invisible.
 H - a +8 flail of crushing (weapon)
 N - a -3 dire flail
Armour
 e - a +2 plate armour (worn)
 o - a +0 pair of boots (worn)
 O - a +0 pair of gloves (worn)
Jewellery
 q - an uncursed amulet of magic regeneration
 t - a ring of protection from magic (left hand)
 v - a +2 ring of strength (right hand)
 E - an uncursed ring of positive energy
 K - an amulet of rage (around neck)
Wands
 i - a wand of digging (9/24)
 w - a wand of scattershot (4/9)
 x - a wand of iceblast (8/15)
 z - a wand of polymorph (16/24)
 B - a wand of paralysis (8/24)
 F - a wand of confusion (9/48)
 J - a wand of random effects (22/48)
 L - a wand of acid (11/15)
 M - a wand of acid (11/15)
Scrolls
 d - 9 scrolls of teleportation
 h - 14 scrolls of identify
 k - 2 scrolls of amnesia
 u - 2 scrolls of fog
 y - 5 scrolls of remove curse
 C - a scroll of vulnerability {unknown}
 D - 4 scrolls of blinking
 G - a scroll of magic mapping
Potions
 g - a potion of lignification
 j - 4 potions of magic
 l - 10 potions of curing
 n - 2 potions of degeneration
 s - 3 potions of brilliance
 I - a potion of invisibility {unknown}
Books
 m - a book of Flames

   Spells                             Type                      Level
   a - Flame Tongue                   Conjuration/Fire             1
   b - Throw Flame                    Conjuration/Fire             2
   c - Conjure Flame                  Conjuration/Fire             3
   d - Inner Flame                    Hexes/Fire                   3
   e - Sticky Flame                   Conjuration/Fire             4
   f - Fireball                       Conjuration/Fire             5
   Trog disapproves of the use of such an item.
 r - a book of Cantrips

   Spells                             Type                      Level
   a - Confusing Touch                Hexes                        1
   b - Animate Skeleton               Necromancy                   1
   c - Summon Small Mammal            Summoning                    1
   d - Apportation                    Translocation                1
   Trog disapproves of the use of such an item.
 A - a book of Misfortune

   Spells                             Type                      Level
   a - Confusing Touch                Hexes                        1
   b - Confuse                        Hexes                        3
   c - Gell's Gravitas                Translocation                3
   d - Petrify                        Transmutation/Earth          4
   e - Metabolic Englaciation         Hexes/Ice                    5
   f - Yara's Violent Unravelling     Hexes/Transmutation          5
   Trog disapproves of the use of such an item.
Comestibles
 a - 12 royal jellies
 b - 4 fruits
 c - 4 bread rations
 p - 2 meat rations


   Skills:
 + Level 13.1 Fighting
 - Level 15.0 Maces & Flails
 + Level 3.5 Throwing
 + Level 12.5 Armour
 - Level 2.2 Dodging
 - Level 0.3 Stealth
 + Level 3.9 Unarmed Combat
 + Level 2.3 Spellcasting
 + Level 3.2 Evocations


You had 15 spell levels left.
You didn't know any spells.

Dungeon Overview and Level Annotations

Branches:
Dungeon (12/15)            Temple (0/1) D:6            Lair (0/6) D:10
    Orc: D:9-12

Altars:
Gozag
Kikubaaqudgha
Okawaru
Qazlal
Trog
Uskayaw
Vehumet

Shops:
D:6 =   D:7 }   D:8 (


Innate Abilities, Weirdness & Mutations

You reflexively headbutt those who attack you in melee.
You have a pair of horns on your head.
You are partially covered in iridescent scales. (AC +2)
You are resistant to hostile enchantments. (MR+)


Message History

The acid dragon claws you but does no damage.
A mysterious force pulls you upwards. The hatch slams shut behind you.
You feel better. The acid dragon spits acid at you.
The splash of acid hits you!
* * * LOW HITPOINT WARNING * * *
You are splashed with acid!
The acid burns!
* * * LOW HITPOINT WARNING * * *
Okay, then.
Okay, then.
As you read the scroll of teleportation, it crumbles to dust.
You feel strangely unstable.
You are no longer corroded.
The acid dragon bites you but does no damage.
The acid dragon claws you but does no damage.
The acid dragon spits acid at you. The splash of acid hits you!
* * * LOW HITPOINT WARNING * * *
The acid corrodes you!
You are splashed with acid!
The acid burns!
You die...

..#..'#.#.##.......#......#####..
..#..#.#.#.........'.........##..
..#####.#.##.......#..≈≈.§...##..
.....#######.......#.≈§≈≈≈≈..##..
##'###.......##....#.§≈≈.≈≈...#..
#...##.......##....#.§≈.>.≈......
....'........##....#.≈≈≈≈.≈≈..###
....#..........D......≈≈≈≈.≈..#
....#...........@.......≈≈≈..##
###############........§.....#
..............###########.####
..........................#
.......................####
.......................#
.....................<.#
.......................#
.......................#


You could see an acid dragon.

Vanquished Creatures
  A hydra (D:11)
  A queen ant (D:11)
  4 two-headed ogres
  An unseen horror (D:11)
  A deep elf mage (D:9)
  2 centaur zombies (D:12)
  A queen bee (D:12)
  3 meliai (D:12)
  A hornet (D:10)
  3 slime creatures
  3 hippogriffs
  Sigmund (D:6)
  2 wyverns
  6 yaks (D:11)
  A hungry ghost (D:12)
  Edmund (D:6)
  10 soldier ants
  2 hell hounds (D:10)
  5 orc warriors
  An eye of draining (D:10)
  2 necrophages
  2 ice beasts
  2 phantoms (D:10)
  A black bear (D:6)
  5 sky beasts
  6 ogres
  A centaur (D:12)
  A big kobold (D:7)
  8 bullfrogs
  2 wyvern skeletons
  3 scorpions
  24 killer bees
  2 howler monkeys
  3 crimson imps
  2 jellies
  7 orc priests
  9 hounds
  5 orc wizards
  3 bullfrog skeletons
  A centaur skeleton (D:4)
  27 worker ants
  5 iguanas
  2 hound skeletons (D:8)
  3 mummies (Ossuary)
  A worker ant zombie (D:8)
  3 howler monkey skeletons
  14 adders
  6 gnolls
  2 shadow imps (D:6)
  5 oozes
  2 adder zombies
  3 worms
  3 dart slugs (D:3)
  6 leopard geckos
  32 orcs
  5 giant cockroaches
  3 goblins
  3 hobgoblins
  12 jackals
  5 kobolds
  2 quokkas
  A ball python (D:3)
  5 bats
  5 frilled lizards
  4 gnoll skeletons (Ossuary)
  8 gnoll zombies
  5 goblin skeletons (Ossuary)
  2 goblin zombies (Ossuary)
  3 hobgoblin skeletons (Ossuary)
  2 hobgoblin zombies (Ossuary)
  A jackal skeleton (D:5)
  4 kobold skeletons (Ossuary)
  4 kobold zombies (Ossuary)
  2 orc skeletons (Ossuary)
  5 orc zombies (Ossuary)
  A quokka skeleton (D:7)
  5 rats
  2 rat skeletons (Ossuary)
  3 rat zombies (Ossuary)
345 creatures vanquished.

Vanquished Creatures (others)
  Menkaure (Ossuary)
  2 goblin skeletons (Ossuary)
  A hobgoblin skeleton (Ossuary)
  A hobgoblin zombie (Ossuary)
  A kobold skeleton (Ossuary)
  A kobold zombie (Ossuary)
  A rat skeleton (Ossuary)
8 creatures vanquished.

Grand Total: 353 creatures vanquished

Notes
Turn   | Place    | Note
-------+----------+-------------------------------------------
     0 | D:1      | Rjadawoj the Minotaur Berserker began the quest for the Orb.
     0 | D:1      | Reached XP level 1. HP: 19/19 MP: 0/0
   682 | D:2      | Reached skill level 4 in Maces & Flails
   718 | D:2      | Reached XP level 2. HP: 24/27 MP: 1/1
   866 | D:2      | Reached XP level 3. HP: 32/33 MP: 2/2
   870 | D:2      | Found a stormy altar of Qazlal.
  1340 | D:3      | Reached skill level 5 in Maces & Flails
  1344 | D:3      | Reached XP level 4. HP: 40/40 MP: 3/3
  1376 | D:3      | Found a radiant altar of Vehumet.
  1420 | D:3      | Reached skill level 6 in Maces & Flails
  1424 | D:3      | Reached ** piety under Trog
  1617 | D:3      | Reached XP level 5. HP: 47/47 MP: 4/4
  1699 | D:3      | Reached skill level 7 in Maces & Flails
  1939 | D:4      | Noticed a hippogriff
  1967 | D:4      | Killed a hippogriff
  1967 | D:4      | Reached skill level 8 in Maces & Flails
  1967 | D:4      | Reached XP level 6. HP: 55/55 MP: 5/5
  2138 | D:4      | Reached skill level 5 in Fighting
  2204 | D:4      | Reached skill level 9 in Maces & Flails
  2204 | D:4      | Reached XP level 7. HP: 61/61 MP: 6/6
  2227 | D:4      | Found an ancient bone altar of Kikubaaqudgha.
  2774 | D:5      | Entered Level 5 of the Dungeon
  2906 | D:5      | Found a sand-covered staircase.
  2913 | Ossuary  | Entered an ossuary
  2917 | Ossuary  | Reached *** piety under Trog
  3108 | Ossuary  | Reached **** piety under Trog
  3168 | Ossuary  | Killed Menkaure
  3297 | D:5      | Reached skill level 10 in Maces & Flails
  3572 | D:5      | Found a bloodstained altar of Trog.
  3934 | D:5      | Reached XP level 8. HP: 69/69 MP: 7/7
  4132 | D:6      | Reached skill level 11 in Maces & Flails
  4405 | D:6      | Found a staircase to the Ecumenical Temple.
  4418 | D:6      | Noticed Edmund
  4427 | D:6      | Killed Edmund
  4498 | D:6      | Reached skill level 12 in Maces & Flails
  4642 | D:6      | Reached skill level 13 in Maces & Flails
  4642 | D:6      | Reached XP level 9. HP: 74/77 MP: 8/8
  4760 | D:6      | Noticed Sigmund
  4771 | D:6      | Killed Sigmund
  4798 | D:6      | Found Kozoq's Jewellery Emporium.
  4807 | D:6      | Got a bone flail
  4809 | D:6      | Identified the +3 flail of the Tundras {antimagic, rN+ MR+ Int+3 SInv} (You found it on level 6 of the Dungeon)
  5071 | D:7      | Reached ***** piety under Trog
  5375 | D:7      | Found Akuneuf's Gadget Boutique.
  5968 | D:7      | Reached skill level 14 in Maces & Flails
  6253 | D:8      | Noticed a two-headed ogre
  6258 | D:8      | Killed a two-headed ogre
  6342 | D:8      | Reached skill level 15 in Maces & Flails
  6513 | D:8      | Noticed a two-headed ogre
  6524 | D:8      | Killed a two-headed ogre
  6524 | D:8      | Reached XP level 10. HP: 38/88 MP: 9/9
  6867 | D:8      | Found an iron altar of Okawaru.
  6868 | D:8      | Found an opulent altar of Gozag.
  6952 | D:8      | Found Pait's Weapon Boutique.
  7156 | D:9      | Reached skill level 5 in Armour
  7332 | D:9      | Noticed a deep elf mage
  7348 | D:9      | Killed a deep elf mage
  7422 | D:9      | Reached skill level 10 in Fighting
  7422 | D:9      | Reached XP level 11. HP: 97/100 MP: 9/13
  7424 | D:9      | Gained mutation: You are partially covered in iridescent scales. (AC +2) [potion of mutation]
  7424 | D:9      | Gained mutation: You are resistant to hostile enchantments. (MR+) [potion of mutation]
  7491 | D:9      | Received a gift from Trog
  7793 | D:10     | Entered Level 10 of the Dungeon
  7793 | D:10     | Found a hide-covered altar of Uskayaw.
  8209 | D:10     | Found a staircase to the Lair.
  8706 | D:10     | Noticed a two-headed ogre
  8713 | D:10     | Killed a two-headed ogre
  9176 | D:11     | Killed an unseen horror
  9198 | D:11     | Noticed a queen ant
  9202 | D:11     | Reached skill level 10 in Armour
  9224 | D:11     | Killed a queen ant
  9240 | D:11     | Reached XP level 12. HP: 76/110 MP: 14/14
  9697 | D:11     | Noticed a six-headed hydra
  9705 | D:11     | Killed a six-headed hydra
 10087 | D:12     | Noticed a two-headed ogre
 10106 | D:12     | Killed a two-headed ogre
 10735 | D:12     | Noticed a centaur warrior
 10826 | D:10     | HP: 2/115 [acid dragon/splash of acid (6)]
 10826 | D:10     | Splashed by an acid dragon's acid

Skill      XL: |  1  2  3  4  5  6  7  8  9 10 11 12 |
---------------+-------------------------------------+-----
Maces & Flails | 4 5 6 8 9 10 13 15 | 15.0
Fighting       | 4 5 6 8 10 11 13 | 13.1
Armour         | 4 7 10 12 | 12.5
Throwing       | 3 |  3.5
Unarmed Combat | 3 |  3.9
Spellcasting   | 2 |  2.3
Evocations     | 3 |  3.2
Dodging        | |  2.2
Stealth        | |  0.3

Action                   |  1- 3 |  4- 6 |  7- 9 | 10-12 || total
-------------------------+-------+-------+-------+-------++-------
Melee: Mace              |    46 |    51 |       |       ||    97
       Headbutt          |     6 |    27 |    76 |    70 ||   179
       Flail             |       |    44 |   361 |   382 ||   787
       Punch             |       |       |       |     4 ||     4
Invok: Berserk           |     1 |     2 |     2 |     3 ||     8
  Use: Scroll            |       |       |    16 |    10 ||    26
       Potion            |       |       |       |    17 ||    17
 Stab: Distracted        |       |       |       |     1 ||     1
  Eat: Fruit             |     1 |       |     3 |     2 ||     6
       Chunk             |       |     2 |     1 |       ||     3
       Bread ration      |       |     1 |     1 |     1 ||     3
       Royal jelly       |       |       |     2 |     7 ||     9
       Meat ration       |       |       |     1 |       ||     1
Armor: Plate armour      |    30 |    65 |   159 |   182 ||   436
Dodge: Dodged            |    14 |    25 |    84 |   120 ||   243
